AoeStats
← 知耻而后勇喜笑颜开

Arabia

509273750Analyzed
1v1 RM · 6d ago on Sep 26, 2026· 41m 31s· 2 players
Game mode
Random Map
Map size
Tiny (2 player)
Population
200
Speed
Normal
Resources
Standard
Victory
Conquest
Starting age
Dark Age
Ending age
Imperial Age
RankedLock teamsTeams togetherTeam positionsShared explorationLock speedFull tech treeHidden civsTurbo modeCheats
Victory
Defeat
1453
+17
1483
-17
知耻而后勇喜笑颜开
9:06 Feudal Age
9:34 Loom
9:52 Man-at-Arms
15:09 Fletching
16:20 Padded Archer Armor
16:27 Scale Mail Armor
17:19 Horse Collar
19:15 Wheelbarrow
19:55 Forging
20:45 Bloodlines
25:32 Castle Age
23:43 Scale Barding Armor
26:25 Husbandry
25:46 Light Cavalry
27:05 Iron Casting
26:33 Heavy Plow
27:22 Bodkin Arrow
27:16 Elite Skirmisher
28:42 Squires
29:34 Hand Cart
29:11 Gold Mining
30:07 Fervor
30:17 Sanctity
30:05 Town Watch
31:05 Gold Shaft Mining
30:20 Stone Mining
31:24 Pikeman
34:44 Ballistics
36:13 Treadmill Crane
41:13 Imperial Age
40:50 Chain Mail Armor
41:09 Chain Barding Armor
41:08 Manipur Cavalry
42:06 Masonry
41:52 Murder Holes
[youte_GG]Хабул хан
7:14 Loom
9:49 Feudal Age
10:18 Double-Bit Axe
10:16 Horse Collar
17:12 Town Watch
21:42 Castle Age
20:23 Padded Archer Armor
21:24 Fletching
24:19 Bodkin Arrow
32:38 Bloodlines
34:02 Wheelbarrow
36:54 Bow Saw
37:25 Ballistics
40:09 Husbandry
Connection lost

Rejoining the realm…

Still unreachable

The connection could not be restored.

Session expired

The server has moved on; the page needs a fresh start.